 Dungeon Crawl Stone Soup version 0.24.0 (webtiles) character file.

Game seed: 4502750077786672458, levelgen mode: deterministic

44573 Buxparty the Fighter (level 14, -5/73 HPs)
             Began as a Gargoyle Fighter on Mar 21, 2020.
             Was an Initiate of Gozag.
             Slain by Sonja
             ... wielding a +1 dagger of distortion
              (19 damage)
             ... on level 5 of the Lair of Beasts.
             The game lasted 00:54:51 (17837 turns).

Buxparty the Fighter (Gargoyle Fighter)            Turns: 17837, Time: 00:54:54

Health: -5/73      AC: 30    Str: 24 (25) XL:     14   Next: 29%
Magic:  11/11      EV: 14    Int:  4 (10) God:    Gozag
Gold:   747        SH: 13    Dex:  9      Spells: 13/13 levels left

rFire    . . .     SeeInvis .   O - +8 rapier "Dragonslayer" {flame, rN+}
rCold    . . .     Gourm    .   c - +0 shield
rNeg     + + .     Faith    .   V - quicksilver dragon scales of Poor Excuses {MR+ rCorr}
rPois    ∞         Spirit   .   v - +0 helmet
rElec    +         Reflect  .   m - +1 cloak
rCorr    +         Harm     .   S - +0 pair of gloves
MR       ++...                  (no boots)
Stlth    ..........             r - amulet of regeneration
HPRegen  0.62/turn              P - +3 ring of strength
MPRegen  0.12/turn              y - +4 ring of evasion

@: lightly drained
A: big wings, [blurry vision 2], [deterioration 2], [frail 2], low mp 2,
negative energy resistance 1, [screaming 2], electricity resistance, weak 1,
unbreathing, petrification resistance, rot immunity, AC +10
a: Fly, Potion Petition, Call Merchant, Bribe Branch, Renounce Religion


You were on level 5 of the Lair of Beasts.
You worshipped Gozag.
Gozag was pleased with you.
You were not hungry.

You visited 3 branches of the dungeon, and saw 19 of its levels.
You visited the Abyss 1 time.
You also visited: Sewer.

You collected 4195 gold pieces.
You spent 1885 gold pieces at shops.
You paid 1563 gold pieces to Gozag.

Inventory:

Hand Weapons
 O - the +8 rapier "Dragonslayer" (weapon) {flame, rN+}
   (You found it on level 13 of the Dungeon)

   It has been specially enchanted to burn those struck by it, causing extra
   injury to most foes and up to half again as much damage against particularly
   susceptible opponents.
   It protects you from negative energy.
Missiles
 D - a curare-tipped dart (quivered)
Armour
 c - a +0 shield (worn)
 m - a +1 cloak (worn)
 v - a +0 helmet (worn)
 S - a +0 pair of gloves (worn)
 V - the quicksilver dragon scales of Poor Excuses (worn) {MR+ rCorr}
   (You bought it in a shop on level 10 of the Dungeon)

   It affects your resistance to hostile enchantments.
   It provides partial protection from all sources of acid and corrosion.
Jewellery
 r - an amulet of regeneration (around neck)
 y - a +4 ring of evasion (right hand)
 F - an uncursed amulet of faith {unknown}
 P - a +3 ring of strength (left hand)
Wands
 a - a wand of clouds (6)
 b - a wand of flame (32)
 d - a wand of iceblast (7)
 C - a wand of digging (5)
 E - a wand of acid (17)
 J - a wand of disintegration (8)
 L - a wand of scattershot (9)
 N - a wand of random effects (26)
 Q - a wand of enslavement (9)
 U - a wand of paralysis (7)
Scrolls
 e - a scroll of acquirement {unknown}
 g - a scroll of silence {unknown}
 h - 21 scrolls of identify
 k - a scroll of fog
 n - 6 scrolls of remove curse
 s - 3 scrolls of magic mapping
 x - 4 scrolls of teleportation
 z - a scroll of enchant weapon
 G - a scroll of fear
 M - 2 scrolls of enchant armour
Potions
 j - 5 potions of lignification
 l - 2 potions of invisibility
 o - 3 potions of heal wounds
 p - 11 potions of curing
 q - a potion of resistance
 t - 2 potions of magic
 u - a potion of berserk rage
 w - 4 potions of agility
 A - 7 potions of flight
 B - a potion of cancellation
Comestibles
 f - 14 rations


   Skills:
 + Level 12.3(12.1) Fighting
 * Level 8.0(10.9) Short Blades
   Level 12.1(12.8) Long Blades
 + Level 12.2(12.1) Armour
 + Level 12.2(12.0) Shields


You had 13 spell levels left.
You didn't know any spells.
Your spell library contained the following spells:

 Spells                   Type           Power        Failure   Level  Hunger
 Animate Skeleton         Necr           N/A          75%         1    ##.....
 Apportation              Tloc           #.....       75%         1    ##.....
 Confusing Touch          Hex            #.....       75%         1    ##.....
 Magic Dart               Conj           #...         75%         1    ##.....
 Shock                    Conj/Air       #...         75%         1    ##.....
 Sting                    Conj/Pois      #...         75%         1    ##.....
 Summon Butterflies       Summ           #.......     75%         1    ##.....
 Summon Small Mammal      Summ           #...         75%         1    ##.....
 Poisonous Vapours        Pois/Air       #.....       87%         2    ###....
 Searing Ray              Conj           #.....       87%         2    ###....
 Swiftness                Chrm/Air       #.......     87%         2    ###....
 Call Canine Familiar     Summ           #.......     98%         3    ####...
 Dazzling Spray           Conj/Hex       #.....       98%         3    ####...
 Mephitic Cloud           Conj/Pois/Air  #.......     98%         3    ####...
 Static Discharge         Conj/Air       #.......     98%         3    ####...
 Airstrike                Air            #.........   100%        4    #####..
 Force Lance              Conj/Tloc      #.......     100%        4    #####..
 Fulminant Prism          Conj/Hex       #.........   100%        4    #####..
 Iskenderun's Mystic Bla  Conj           #.......     100%        4    #####..
 Olgreb's Toxic Radiance  Pois           #.......     100%        4    #####..
 Summon Ice Beast         Ice/Summ       #.......     100%        4    #####..
 Lightning Bolt           Conj/Air       #.........   100%        5    ######.
 Summon Mana Viper        Hex/Summ       #.......     100%        5    ######.
 Venom Bolt               Conj/Pois      #.........   100%        5    ######.
 Summon Hydra             Summ           #.........   100%        7    #######


Dungeon Overview and Level Annotations

Branches:
Dungeon (13/15)            Temple (1/1) D:7            Lair (5/6) D:10
 Shoals (0/4) Lair:3       Spider (0/4) Lair:3          Orc (0/2) D:10
  Sewer (visited)
  Slime: Lair:5-6    Vaults: D:13-14

Altars:
Ashenzari
Cheibriados
Dithmenos
Elyvilon
Fedhas
Gozag
Hepliaklqana
Kikubaaqudgha
Makhleb
Nemelex Xobeh
Okawaru
Qazlal
Ru
Sif Muna
Trog
Uskayaw
Vehumet
Wu Jian
Xom
Yredelemnul
Zin
The Shining One
Beogh

Shops:
D:4 *   D:7 *   D:9 [   D:10 *

Annotations:
Lair:5 Sonja


Innate Abilities, Weirdness & Mutations

You are resistant to torment.
Your stone body is resilient. (AC +10)
You are immune to poison.
Your large and strong wings let you fly indefinitely.
You resist negative energy. (rN+)
You are resistant to electric shocks. (rElec)
You can survive without breathing.
You are immune to petrification.
You are immune to rotting.
Your magical capacity is very low. (-20% MP)
You are weak. (Str -2)
[Scrolls take you longer to read.]
[Your body often deteriorates upon taking damage.]
[You are very frail. (-20% HP)]
[You sometimes yell uncontrollably at your foes.]


Message History

The spectral frost giant fades away!
The spectral orc fades away!
Found a gateway leading out of the Abyss.
Your magical contamination has completely faded away.
The revenant conjures spectral mists around you.
The spectral mist engulfs you but does no damage.
There is a gateway leading out of the Abyss here.
You are engulfed in spectral mist.
* * * LOW HITPOINT WARNING * * *
Your body deteriorates!
You feel dopey.
You pass through the gate.
Welcome back to the Lair of Beasts!
Level annotation: Sonja Reactivating autopickup.
Sonja shouts!
Sonja hits you but does no damage. Space bends around you.
* * * LOW HITPOINT WARNING * * *
Sonja hits you but does no damage. Space warps horribly around you!!
You die...
Your body crumbles into a pile of gold.

## #. ### ## ##.####.# ###
### #. ##..P##..#####.####P##
#. #.....#..............###.
#....#..K................
##.......@........#.##.#P.
#...........#......#####..
#.....#.(..#.......# ##P
##.....#...(.......## ##
#..........(.......##
P..............(......#
##...............!.....####.
#.....#....#.#P.........#.#.
#.#....##...#..P........#....


You could see Sonja.

Vanquished Creatures
  A tentacled starspawn (Abyss:1)
  Josephine (Lair:5)
  3 hydras
  3 two-headed ogres
  2 thrashing horrors (Abyss:1)
  3 skeletal warriors
  An unseen horror (D:8)
  A glowing orange brain (Abyss:1)
  3 ugly things
  A black mamba (Lair:1)
  A merfolk siren (Lair:3)
  Joseph (D:8)
  Psyche (D:8)
  A gargoyle (D:11)
  3 centaur skeletons
  4 torpor snails (Lair:4)
  2 spiny frogs
  A rime drake (Lair:4)
  7 komodo dragons
  An ancient zyme (Abyss:1)
  A komodo dragon (shapeshifter) (D:13)
  A merfolk (Lair:3)
  A hornet (D:9)
  A harpy zombie (D:13)
  Grinder (D:2)
  2 polar bears
  A jumping spider (Lair:3)
  4 raiju (Abyss:1)
  13 blink frogs
  6 hippogriffs
  4 dream sheep (Lair:5)
  A small abomination (Abyss:1)
  A meliai zombie (D:13)
  A vampire (Abyss:1)
  A wyvern (D:13)
  32 yaks
  4 wraiths
  A basilisk (Lair:1)
  2 neqoxecs (Abyss:1)
  A hungry ghost (D:10)
  A chaos spawn (Abyss:1)
  4 vampire mosquitoes (D:12)
  2 soldier ants (D:9)
  8 water moccasins
  2 large abominations (Abyss:1)
  9 porcupines
  4 ice beasts
  14 orc warriors
  2 eyes of draining
  6 black bears
  4 sky beasts
  3 phantoms
  A necrophage (D:13)
  6 ogres
  10 centaurs
  8 wolves
  4 crocodiles
  A big kobold (Sewer)
  Blork the orc (D:5)
  13 bullfrogs
  A gnoll sergeant (D:10)
  A wyvern skeleton (D:8)
  6 scorpions
  15 killer bees
  15 wights
  An electric eel (Lair:4)
  2 howler monkeys
  3 centaur zombies
  4 bullfrog zombies
  4 crimson imps
  2 quasits
  10 hounds
  A bullfrog skeleton (D:12)
  2 jellies (D:12)
  12 orc priests
  An iron imp (Abyss:1)
  19 orc wizards
  Jessica (D:2)
  7 iguanas
  11 worker ants
  3 hound skeletons
  Robin (D:3)
  9 adders
  11 gnolls
  A river rat (Sewer)
  2 shadow imps
  An ufetubus (Abyss:1)
  2 worms (D:2)
  5 leopard geckos
  54 orcs
  9 giant cockroaches
  18 goblins
  5 hobgoblins
  19 jackals
  6 kobolds
  12 quokkas
  A ball python (D:1)
  10 bats
  5 frilled lizards
  A jackal zombie (D:6)
  A leopard gecko zombie (D:9)
  A quokka skeleton (D:7)
  A quokka zombie (D:10)
  10 rats
  A plant (Lair:4)
530 creatures vanquished.

Vanquished Creatures (others)
  10 fungi (D:10)
  3 lurking horrors (Abyss:1)
  7 plants
  13 starspawn tentacles (Abyss:1)
33 creatures vanquished.

Grand Total: 563 creatures vanquished

Notes
Turn   | Place    | Note
-------+----------+-------------------------------------------
     0 | D:1      | Buxparty the Gargoyle Fighter began the quest for the Orb.
     0 | D:1      | Reached XP level 1. HP: 14/14 MP: 1/1
    66 | D:1      | Reached XP level 2. HP: 10/19 MP: 2/2
  1096 | D:2      | Reached XP level 3. HP: 12/23 MP: 3/3
  1455 | D:2      | Reached XP level 4. HP: 28/29 MP: 4/4
  1478 | D:2      | Noticed Jessica
  1485 | D:2      | Killed Jessica
  1699 | D:3      | Noticed Robin
  1762 | D:3      | Killed Robin
  1762 | D:3      | Reached XP level 5. HP: 29/33 MP: 5/5
  1821 | D:3      | Found a shattered altar of Ashenzari.
  1862 | D:3      | Noticed Grinder
  1871 | D:3      | Paralysed by Grinder for 6 turns
  1967 | D:2      | Killed Grinder
  1967 | D:2      | Reached XP level 6. HP: 27/39 MP: 6/6
  2281 | D:3      | Reached XP level 7. HP: 42/44 MP: 7/7
  2474 | D:4      | Found a sparkling altar of Nemelex Xobeh.
  2479 | D:4      | Found a hide-covered altar of Uskayaw.
  2482 | D:4      | Found a shimmering blue altar of Sif Muna.
  2646 | D:4      | Reached skill level 5 in Fighting
  2653 | D:4      | Reached skill level 5 in Armour
  2653 | D:4      | Reached skill level 5 in Shields
  2723 | D:4      | Reached skill level 5 in Long Blades
  3062 | D:4      | Found Vittieb's Mass Market.
  3150 | D:5      | Entered Level 5 of the Dungeon
  3290 | D:5      | Found a glowing golden altar of the Shining One.
  3368 | D:5      | Found a glowing drain.
  3392 | Sewer    | Entered a sewer
  3407 | Sewer    | Reached XP level 8. HP: 48/50 MP: 8/8
  3500 | Sewer    | Found a glowing silver altar of Zin.
  3951 | D:5      | Noticed Blork the orc
  3979 | D:5      | Killed Blork the orc
  4726 | D:6      | Reached XP level 9. HP: 54/56 MP: 9/9
  5668 | D:7      | Found a staircase to the Ecumenical Temple.
  5709 | Temple   | Entered the Ecumenical Temple
  6089 | D:7      | Found Gozag's Platinum Reserve.
  6127 | D:7      | Found an opulent altar of Gozag.
  6142 | D:7      | Became a worshipper of Gozag Ym Sagoz the Greedy
  6361 | D:8      | Noticed Joseph
  6418 | D:8      | Killed Joseph
  6451 | D:8      | Reached XP level 10. HP: 63/63 MP: 10/10
  6979 | D:8      | Noticed Psyche
  7012 | D:8      | Killed Psyche
  7518 | D:9      | Found Qapraet's Antique Armour Shop.
  7972 | D:8      | Killed an unseen horror
  8070 | D:8      | Reached XP level 11. HP: 24/69 MP: 11/11
  8723 | D:10     | Entered Level 10 of the Dungeon
  8945 | D:10     | Reached skill level 10 in Long Blades
  9237 | D:10     | Found a roughly hewn altar of Beogh.
  9237 | D:10     | Found a staircase to the Orcish Mines.
  9537 | D:10     | Noticed a two-headed ogre
  9589 | D:10     | Killed a two-headed ogre
  9825 | D:10     | Noticed a two-headed ogre
  9851 | D:10     | Killed a two-headed ogre
  9886 | D:10     | Found a staircase to the Lair.
 10411 | D:11     | Noticed a two-headed ogre
 10444 | D:11     | Killed a two-headed ogre
 10444 | D:11     | Reached skill level 10 in Fighting
 10444 | D:11     | Reached XP level 12. HP: 46/77 MP: 12/12
 10536 | D:11     | Noticed a five-headed hydra
 10620 | Lair:1   | Entered Level 1 of the Lair of Beasts
 10744 | D:11     | Found an ornate altar of the Wu Jian Council.
 10764 | D:11     | Reached skill level 10 in Armour
 10819 | D:11     | Reached skill level 10 in Shields
 12071 | D:13     | Got a faintly glowing rapier
 12154 | D:12     | Identified the +8 rapier "Dragonslayer" {flame, rN+} (You
                  | found it on level 13 of the Dungeon)
 12211 | D:13     | Reached skill level 1 in Short Blades
 12415 | D:13     | Found a shadowy altar of Dithmenos.
 12757 | D:11     | Killed a five-headed hydra
 12757 | D:11     | Reached XP level 13. HP: 82/84 MP: 13/13
 12814 | D:10     | Bought faintly glowing quicksilver dragon scales for 1885
                  | gold pieces
 12829 | D:10     | Identified the quicksilver dragon scales of Poor Excuses
                  | {MR+ rCorr} (You bought it in a shop on level 10 of the
                  | Dungeon)
 14392 | Lair:2   | Reached skill level 5 in Short Blades
 15247 | Lair:3   | Found a hole to the Spider Nest.
 15721 | Lair:3   | Found a staircase to the Shoals.
 15995 | Lair:4   | Found a snail-covered altar of Cheibriados.
 16912 | Lair:5   | Noticed Sonja
 16971 | Lair:5   | Noticed Josephine
 16990 | Lair:5   | Killed Josephine
 16990 | Lair:5   | Gained mutation: Your large and strong wings let you fly
                  | indefinitely. [Gargoyle growth]
 16990 | Lair:5   | Reached XP level 14. HP: 92/92 MP: 14/14
 17066 | Lair:5   | Cast into level 1 of the Abyss (Sonja)
 17289 | Abyss:1  | Noticed a purple very ugly thing
 17289 | Abyss:1  | Noticed a purple very ugly thing
 17289 | Abyss:1  | Noticed a purple very ugly thing
 17324 | Abyss:1  | Noticed a tentacled starspawn
 17354 | Abyss:1  | Noticed a tentacled starspawn
 17390 | Abyss:1  | Noticed a bone dragon
 17454 | Abyss:1  | Gained mutation: Your magical capacity is low. (-10% MP) [a
                  | neqoxec]
 17479 | Abyss:1  | Gained mutation: You are weak. (Str -2) [a neqoxec]
 17493 | Abyss:1  | Noticed a starcursed mass
 17508 | Abyss:1  | Gained mutation: Your magical capacity is very low. (-20%
                  | MP) [a neqoxec]
 17562 | Abyss:1  | Noticed a tentacled starspawn
 17570 | Abyss:1  | HP: 1/92 [tentacled starspawn (12)]
 17574 | Abyss:1  | Killed a tentacled starspawn
 17741 | Abyss:1  | Noticed an ironheart preserver
 17758 | Abyss:1  | Noticed an ironheart preserver
 17781 | Abyss:1  | Noticed a tentacled monstrosity
 17790 | Abyss:1  | Noticed an ironheart preserver
 17809 | Abyss:1  | Noticed a revenant
 17826 | Abyss:1  | Noticed a starcursed mass
 17837 | Lair:5   | Escaped the Abyss
 17837 | Lair:5   | Slain by Sonja

Levels and vault maps discovered:
D:1:      dpeg_arrival_rooms_b, layout_basic, serial_glass, glass_columns_a,
          glass_columns_b
D:2:      layout_basic, uniq_jessica
D:3:      layout_rooms, lemuel_crystal_altar, uniq_robin, uniq_grinder
D:4:      layout_basic, grunt_temple_overflow_open, first_ration,
          minmay_misc_feat_cross, minmay_shop_mass
D:5:      layout_loops_ring, tso_oasis_becter, gup_sewer_entry_pipe,
          uniq_blork_the_orc
D:6:      layout_basic
D:7:      layout_loops_ring, nicolae_gozag_zags_fifth_avenue,
          minmay_temple_entry_fiery
D:8:      minmay_angry_zag, layout_basic, uniq_psyche, uniq_joseph
D:9:      layout_long_grid, serial_shops,
          nicolae_shop_competitors_out_of_business, hangedman_pestilent_swarm
D:10:     layout_gridville, grunt_lair_entry_orc_guard_hut, david_orc_5,
          fountainhead
D:11:     layout_cross, basic_altar
D:12:     layout_roguey
D:13:     layout_layer_cave, nicolae_dithmenos_the_darkroom
Temple:   eino_temple_scatter_basement
Lair:1:   layout_layer_cave, grunt_megastairs_4
Lair:2:   layout_small_grid
Lair:3:   layout_chaotic_city, elwin_shoals_entry_rooms,
          spider_nest_entry_rubble, hangedman_lair_generics_rect
Lair:4:   layout_misc_corridors, kennysheep_snail_temple,
          infiniplex_staircase_pool_2, serial_bayou_shore_b,
          serial_bayou_shore_a
Lair:5:   layout_gridlike, infiniplex_staircase_pool, uniq_sonja, uniq_josephine
